 Dungeon Crawl Stone Soup version 0.30-a0-6-g7c9e10e132 (webtiles) character file.

Game seed: 2015943719305275104

495 xian the Firebug (level 6, -5/46 HPs)
             Began as a Draconian Fire Elementalist on Aug 23, 2022.
             Slain by Duvessa
             ... wielding a +0 rapier
              (8 damage)
             ... on level 4 of the Dungeon.
             The game lasted 00:10:24 (4859 turns).

xian the Firebug (Draconian Fire Elementalist)      Turns: 4859, Time: 00:10:24

Health: -5/46      AC:  6    Str: 10    XL:     6   Next: 92%
Magic:  3/12       EV: 12    Int: 18    God:
Gold:   1406       SH:  4    Dex: 11    Spells: 6/13 levels left

rFire   . . .      SeeInvis .    c - +1 dagger
rCold   . . .      Faith    .    s - +1 buckler
rNeg    . . .      Spirit   .    (body armour unavailable)
rPois   .          Reflect  .    (helmet restricted)
rElec   .          Harm     .    (no cloak)
rCorr   .          Rampage  .    (no gloves)
Will    .....                    (no boots)
Stlth   ++........               (no amulet)
HPRegen 0.15/turn                (no ring)
MPRegen 0.13/turn                (no ring)

@: no status effects
A: AC +6, unfitting armour, cold-blooded
a: no special abilities


You were on level 4 of the Dungeon.
You visited 1 branch of the dungeon, and saw 4 of its levels.

You collected 1406 gold pieces.

Inventory:

Hand Weapons
 c - a +1 dagger (weapon)
Armour
 s - a +1 buckler (worn)
Wands
 q - a wand of charming (7)
 w - a wand of roots (11)
Scrolls
 b - 3 scrolls of magic mapping
 h - a scroll of amnesia
 i - 4 scrolls of teleportation
 k - 2 scrolls of blinking
Potions
 a - a potion of magic
 d - 3 potions of curing
 e - a potion of lignification {unknown}
 f - a potion of attraction {unknown}
 m - a potion of brilliance {unknown}
 r - a potion of flight {unknown}
 u - 2 potions of heal wounds {unknown}
 v - a potion of mutation {unknown}


   Skills:
 + Level 0.4 Fighting
 + Level 0.7 Short Blades
 + Level 2.7 Dodging
 + Level 3.0 Stealth
 + Level 0.1 Shields
 + Level 4.3 Spellcasting
 + Level 2.8 Conjurations
 + Level 4.6 Fire Magic


You had 6 spell levels left.
You knew the following spells:

 Your Spells              Type           Power      Damage    Failure   Level
a - Foxfire               Conj/Fire      68%        2x1d7     4%          1
b - Scorch                Fire           40%        2d7       4%          2
c - Flame Wave            Conj/Fire      17%        2d7       38%         4

Your spell library contained the following spells:

 Spells                   Type           Power      Damage    Failure   Level
 Conjure Flame            Conj/Fire      17%        6-21      13%         3
 Beastly Appendage        Tmut           6%         N/A       21%         1
 Inner Flame              Hex/Fire       12%        N/A       22%         3
 Ensorcelled Hibernation  Hex/Ice        6%         N/A       30%         2
 Passwall                 Tmut/Erth      2%         N/A       30%         2
 Wereblood                Tmut           3%         N/A       30%         2
 Spider Form              Tmut/Pois      3%         N/A       52%         3
 Swiftness                Air            3%         N/A       52%         3
 Malign Gateway           Summ/Tloc      1%         N/A       100%        7
 Summon Horrible Things   Summ           1%         N/A       100%        8


Dungeon Overview and Level Annotations

Branches:
Dungeon (4/15)             Temple (0/1) D:4

Altars:

Annotations:
D:4 Dowan, Duvessa


Innate Abilities, Weirdness & Mutations

Your plain brown scales are hard. (AC +6)
You cannot fit into any form of body armour.
You are cold-blooded and may be slowed by cold attacks.


Message History

The foxfire hits Duvessa but does no damage.
Duvessa is severely wounded.
Duvessa hits you but does no damage.
Dowan, Brother of Duvessa comes into view.
He is wielding a +0 dagger.
Unknown command.
You hit Duvessa but do no damage.
Duvessa is severely wounded.
Duvessa is no longer more vulnerable to fire.
Duvessa completely misses you.
You hit Duvessa but do no damage.
Duvessa is severely wounded.
Duvessa hits you with a +0 rapier.
Dowan gestures at Duvessa while chanting.
Duvessa seems to speed up.
You hit Duvessa.
Duvessa is severely wounded.
You block Duvessa's attack.
Dowan mumbles some strange words.
Dowan blinks!
You barely miss Duvessa.
Duvessa is severely wounded.
You block Duvessa's attack. Duvessa closely misses you.
Unknown command.
Duvessa attacks as you move away! Duvessa hits you but does no damage.
Duvessa hits you with a +0 rapier. Duvessa attacks as you move away!
Duvessa barely misses you.
An orc comes into view. It is wielding a +0 falchion.
Duvessa hits you with a +0 rapier!
* * * LOW HITPOINT WARNING * * *
Duvessa hits you with a +0 rapier!
* * * LOW HITPOINT WARNING * * *
You feel better. Duvessa barely misses you. Duvessa attacks as you move away!
You block Duvessa's attack.
The orc shouts!
Duvessa hits you with a +0 rapier.
There is a stone staircase leading up here.
Duvessa hits you with a +0 rapier!
* * * LOW HITPOINT WARNING * * *
Duvessa hits you with a +0 rapier!
You die...

**#...........[* *,
#.......###..###******
##e.....##......,,,,,,
##.....##.....*******
##....####....*
#............#*
#............#####
#...e............###
#...@..o.....###...##
#............# ###...
##........#..########
##......#......#####
######.#...........
#.#......≈≈≈≈≈
#......≈≈≈≈≈≈≈
#.#..≈≈≈≈≈≈≈≈~
#.#.≈≈≈≈≈≈≈≈≈~


You could see Duvessa (fast), Dowan and an orc.

Vanquished Creatures
  Sigmund (D:2)
  An ogre (D:4)
  Blork the orc (D:4)
  Natasha (twice) (D:2)
  5 adders
  An ufetubus (D:4)
  2 worms
  3 dart slugs
  3 bats
  7 endoplasms
  10 giant cockroaches
  6 goblins
  5 hobgoblins
  2 jackals (D:1)
  8 kobolds
  2 quokkas
  3 ball pythons
  2 frilled lizards
  11 rats
75 creatures vanquished.

Vanquished Creatures (others)
  316 foxfires
316 creatures vanquished.

Grand Total: 391 creatures vanquished

Notes
Turn   | Place    | Note
-------+----------+-------------------------------------------
     0 | D:1      | xian the Draconian Fire Elementalist began the quest for
                  | the Orb.
     0 | D:1      | Reached XP level 1. HP: 14/14 MP: 3/3
   463 | D:1      | Reached XP level 2. HP: 20/20 MP: 0/5
   936 | D:1      | Reached XP level 3. HP: 7/26 MP: 1/6
  1176 | D:1      | Learned a level 2 spell: Scorch
  1698 | D:1      | Found a faded altar of an unknown god.
  2540 | D:2      | Noticed Sigmund
  2545 | D:2      | Killed Sigmund
  2546 | D:2      | Reached XP level 4. HP: 34/34 MP: 2/9
  2546 | D:2      | Reached XP level 5. HP: 39/39 MP: 2/10
  2667 | D:2      | Noticed Natasha
  2674 | D:2      | Killed Natasha
  3067 | D:2      | Noticed Natasha
  3075 | D:2      | Killed Natasha
  3076 | D:2      | Reached XP level 6. HP: 46/46 MP: 5/11
  4457 | D:4      | Learned a level 4 spell: Flame Wave
  4569 | D:4      | Noticed Blork the orc
  4580 | D:4      | Killed Blork the orc
  4592 | D:4      | Identified a scroll of acquirement
  4592 | D:4      | Acquired 1196 gold pieces
  4756 | D:4      | Found a staircase to the Ecumenical Temple.
  4832 | D:4      | Noticed Duvessa
  4845 | D:4      | Noticed Dowan
  4859 | D:4      | Slain by Duvessa

Illustrated notes

Levels and vault maps discovered:
D:1:      noname_arrival_rooms_in_the_neighbourhood, layout_loops_corners,
          shapermc_ecumenical_altar_mp_vishouse, minmay_worlds_worst_comb
D:2:      minmay_spotlight, layout_basic, uniq_natasha, uniq_sigmund
D:3:      layout_basic
D:4:      layout_rooms, lemuel_coloured_pillars_altar, temple_pool_b,
          hangedman_decor_growths, uniq_blork_the_orc, uniq_duvessa

Skill      XL: |  1  2  3  4  5  6 |
---------------+-------------------+-----
Dodging        | 2 |  2.7
Stealth        | 2 3 |  3.0
Spellcasting   | 3 4 |  4.3
Conjurations   | 2 |  2.8
Fire Magic     | 4 |  4.6
Fighting       | |  0.4
Short Blades   | |  0.7
Shields        | |  0.1

Action                   |  1- 3 |  4- 6 || total
-------------------------+-------+-------++-------
Melee: Dagger            |    82 |    10 ||    92
       Tailslap          |    11 |       ||    11
       Punch             |     1 |       ||     1
 Cast: Foxfire           |    83 |   106 ||   189
       Scorch            |     1 |     2 ||     3
  Use: Scroll            |       |    12 ||    12
       Potion            |       |     1 ||     1
 Stab: Sleeping          |     2 |       ||     2
Armor: Skin              |    45 |    10 ||    55
Dodge: Dodged            |    69 |    32 ||   101
Block: Buckler           |       |     6 ||     6

Table legend: (Time is in decaauts)
 A = Elapsed time spent in this place.
 B = Non-inter-level travel time spent in this place.
 C = Inter-level travel time spent in this place.
 D = Time resting spent in this place.
 E = Time spent auto-exploring this place.
 F = Levels seen in this place.
 G = Mean time per level.
                   A        B        C        D        E       F      G
               +--------+--------+--------+--------+--------+-----+--------+
         Total |   4861 |   4709 |    152 |      0 |   3712 |   4 | 1215.2 |
       Dungeon |   4861 |   4709 |    152 |      0 |   3712 |   4 | 1215.2 |
               +--------+--------+--------+--------+--------+-----+--------+

Top non-repeatable levels by time:
     D:1: 1804 daAuts
     D:2: 1612 daAuts
     D:3: 1013 daAuts
     D:4: 430 daAuts
